 Dungeon Crawl Stone Soup version 0.30-b1-2-g02819fbbbe (webtiles) character file.

Game seed: 12750134958914657120

593 MisterFreud the Basher (level 7, -1/41 HPs)
             Began as a Gargoyle Fighter on May 14, 2023.
             Killed from afar by an orc wizard (10 damage)
             ... with a puff of flame
             ... on level 5 of the Dungeon.
             The game lasted 00:05:17 (3713 turns).

MisterFreud the Basher (Gargoyle Fighter)           Turns: 3713, Time: 00:05:18

Health: -1/41      AC: 13    Str: 22    XL:     7   Next: 39%
Magic:  7/7        EV:  8    Int:  8    God:
Gold:   197        SH:  5    Dex:  9    Spells: 6/6 levels left

rFire   . . .        g - +1 whip (venom)
rCold   . . .        c - +1 buckler
rNeg    + . .        e - +0 chain mail
rPois   ∞            (no helmet)
rElec   +            (no cloak)
rCorr   .            (no gloves)
SInv    .            (no boots)
Will    .....        (no amulet) Stlth
                     (no ring)
HPRegen 0.26/turn    (no ring)
MPRegen 0.10/turn

%: no passive effects
@: no status effects
A: sickness immunity, AC +4, negative energy resistance 1, electricity
resistance, torment resistance 1, petrification resistance
a: no special abilities


You were on level 5 of the Dungeon.
You visited 1 branch of the dungeon, and saw 5 of its levels.
You also visited: Sewer.

You collected 197 gold pieces.

Inventory:

Hand Weapons
 a - a +1 flail
 g - a +1 whip of venom (weapon)
Missiles
 j - 12 poisoned darts (quivered)
Armour
 b - a +0 scale mail
 c - a +1 buckler (worn)
 e - a +0 chain mail (worn)
Wands
 i - a wand of digging (3)
 m - a wand of polymorph (11)
Scrolls
 n - a scroll of teleportation
 o - a scroll of blinking
Potions
 d - 3 potions of might
 f - a potion of curing
 h - 5 potions of heal wounds
 k - 3 potions of flight
 l - a potion of lignification
 p - a potion of attraction {unknown}


   Skills:
 + Level 3.3 Fighting
 - Level 8.0 Maces & Flails
 - Level 3.2 Armour
 - Level 3.2 Shields


You had 6 spell levels left.
You didn't know any spells.
Your spell library contained the following spells:

 Spells                   Type           Power      Damage    Failure   Level
 Apportation              Tloc           0%         N/A       98%         1
 Necrotise                Necr           0%         1d4       98%         1
 Summon Small Mammal      Summ           0%         N/A       98%         1
 Blink                    Tloc           0%         N/A       99%         2
 Lesser Beckoning         Tloc           0%         N/A       99%         2
 Momentum Strike          Conj/Tloc      0%         3d8       99%         2
 Summon Guardian Golem    Hex/Summ       0%         N/A       100%        3
 Orb of Destruction       Conj           0%         9d5       100%        7
 Spellforged Servitor     Conj/Summ      0%         N/A       100%        7


Dungeon Overview and Level Annotations

Branches:
Dungeon (5/15)              Sewer (visited)
 Temple: D:4-7

Altars:
Dithmenos
Sif Muna

Annotations:
D:4 1 runed translucent door, eelars's ghost, amateur MiFi


Innate Abilities, Weirdness & Mutations

You are immune to sickness and miasma.
Your stone body is resilient. (AC +4)
You are immune to poison.
You resist negative energy. (rN+)
You are resistant to electric shocks. (rElec)
You are resistant to unholy torment.
You are immune to petrification.


Message History

You hear some strange, mumbled words.
Something tries to affect you, but you resist.
The orc priest hits you but does no damage.
You hear some strange, mumbled words.
A puff of flame appears from out of thin air!
The puff of flame hits you.
Unknown command.
You hit something. Something hits you but does no damage.
The orc priest barely misses you. Something hits you but does no damage.
You closely miss something.
You hear some strange, mumbled words.
Something tries to affect you, but you resist.
Something hits you but does no damage.
The orc priest hits you with a +0 short sword.
You hit something but do no damage. You hit something but do no damage.
Reactivating autopickup.
You feel a bit more experienced.
You hear some strange, mumbled words.
A magic dart appears from out of thin air!
Deactivating autopickup; reactivate with Ctrl-A.
The magic dart hits you!
The orc priest hits you with a +0 short sword.
* * * LOW HITPOINT WARNING * * *
You miss something.
You kill the orc priest!
Something hits you but does no damage.
Training target 8.0 for Maces & Flails reached!
Your Maces & Flails skill increases to level 8!
You need to enable at least one skill for training.
You completely miss something. You miss something. Something hits you.
* * * LOW HITPOINT WARNING * * *
You closely miss something. Something hits you.
* * * LOW HITPOINT WARNING * * *
You miss something.
You hear some strange, mumbled words.
A puff of flame appears from out of thin air!
The puff of flame hits you!
You die...

##.#..#
#.#######
#.##.##
#.#
#..#..#
#.#
##..#.#
#.#
##...##..#
##...#.##
#.#...#
#....##
##{@)#
##)).#
##..# ...#
...# ....
..##. ..#
.#


There were no monsters in sight!

Vanquished Creatures
  2 bullfrogs (Sewer)
  A hound (D:5)
  A jelly (D:4)
  2 orc priests
  2 iguanas
  4 orc wizards
  5 adders
  2 dart slugs
  10 orcs
  15 endoplasms
  11 giant cockroaches
  6 goblins
  5 hobgoblins
  9 jackals
  16 quokkas
  15 ball pythons
  8 bats
  15 frilled lizards
  8 kobolds
  3 rats
140 creatures vanquished.

Notes
Turn   | Place    | Note
-------+----------+-------------------------------------------
     0 | D:1      | MisterFreud the Gargoyle Fighter began the quest for the
                  | Orb.
     0 | D:1      | Reached XP level 1. HP: 14/14 MP: 1/1
   143 | D:1      | Reached XP level 2. HP: 19/19 MP: 2/2
   295 | D:1      | Reached skill level 3 in Maces & Flails
   503 | D:1      | Reached XP level 3. HP: 23/23 MP: 3/3
   982 | D:2      | Found a shimmering blue altar of Sif Muna.
  1511 | D:2      | Reached skill level 4 in Maces & Flails
  1860 | D:3      | Reached XP level 4. HP: 28/28 MP: 4/4
  2329 | D:4      | Reached skill level 5 in Maces & Flails
  2336 | D:4      | Reached XP level 5. HP: 29/32 MP: 5/5
  2422 | D:4      | Noticed eelars's ghost (amateur MiFi)
  2426 | D:4      | Found a runed translucent door.
  2459 | D:4      | Found a shadowy altar of Dithmenos.
  2596 | D:4      | Reached skill level 6 in Maces & Flails
  2596 | D:4      | Reached XP level 6. HP: 37/37 MP: 6/6
  2761 | D:4      | Found a glowing drain.
  2770 | Sewer    | Entered a sewer
  3169 | Sewer    | Reached skill level 7 in Maces & Flails
  3188 | Sewer    | Reached XP level 7. HP: 18/41 MP: 7/7
  3595 | D:5      | Entered Level 5 of the Dungeon
  3710 | D:5      | Reached skill level 8 in Maces & Flails
  3713 | D:5      | Killed from afar by an orc wizard

Illustrated notes

Levels and vault maps discovered:
D:1:      matt_arrival_los_fun, layout_basic, chequers_garden,
          kennysheep_nondescript
D:2:      layout_loops_corners, basic_altar
D:3:      layout_rooms
D:4:      wad_pebble_path, layout_rooms, grunt_dithmenos_smoke_and_mirrors,
          portal_sewer_entry_d, hellmonk_ghost_happy_afterlife,
          serial_corexii_hall, chequers_hall_statues_y, corexii_hall_statues_l
D:5:      layout_rooms, gammafunk_temple_overflow_statue,
          ebering_ghost_rock_garden, serial_shops, shop,
          minmay_misc_feat_columns

Skill      XL: |  1  2  3  4  5  6  7 |
---------------+----------------------+-----
Maces & Flails | 3 4 5 6 7 8 |  8.0
Fighting       | |  3.3
Armour         | |  3.2
Shields        | |  3.2

Action                     |  1- 3 |  4- 6 |  7- 9 || total
---------------------------+-------+-------+-------++-------
  Melee: Flail             |   165 |    16 |       ||   181
         Whip              |       |   280 |    59 ||   339
    Use: Scroll            |     7 |       |     3 ||    10
 Armour: Scale mail        |    93 |     7 |       ||   100
         Chain mail        |       |   125 |    33 ||   158
  Dodge: Dodged            |    83 |    93 |    21 ||   197
  Block: Buckler           |    43 |    47 |    16 ||   106
